 Dungeon Crawl Stone Soup version 0.29-a0-615-gdeedd76 (webtiles) character file.

Game seed: 15886700647276944721

4046 PurpleRed the Thaumaturge (level 10, 0/45 (52) HPs)
             Began as a Deep Elf Brigand on June 18, 2022.
             Was a Follower of Vehumet.
             Slain by a wight
             ... wielding a +4 long sword of freezing
              (3 damage)
             ... on level 9 of the Dungeon.
             The game lasted 00:55:18 (5075 turns).

PurpleRed the Thaumaturge (Deep Elf Brigand)        Turns: 5075, Time: 00:55:19

HP:   0/45 (52)     AC: 10    Str:  8    XL:     10   Next: 4%
MP:   30/30         EV: 12    Int: 21    God:    Vehumet [*.....]
Gold: 593           SH:  0    Dex: 16    Spells: 23/37 levels left

rFire   . . .      SeeInvis .   t - +9 hand axe of Disarray {drain, rElec Will+}
rCold   + . .      Faith    .   (no shield)
rNeg    . . .      Spirit   .   E - +2 robe {rC+}
rPois   .          Reflect  .   g - +0 helmet
rElec   +          Harm     .   c - +1 cloak
rCorr   .          Rampage  .   h - +2 pair of gloves
Will    ++...                   (no boots)
Stlth   +++.......              u - amulet of magic regeneration
HPRegen 0.15/turn               (no ring)
MPRegen 0.62/turn               (no ring)

@: about to teleport, heavily drained
A: no striking features
a: Renounce Religion


You were on level 9 of the Dungeon.
You worshipped Vehumet.
Vehumet was aware of your devotion.
You visited 2 branches of the dungeon, and saw 10 of its levels.
You also visited: Ossuary.

You collected 593 gold pieces.

Inventory:

Hand Weapons
 a - a +3 dagger
 i - a +0 spear of venom
 n - a +0 dagger
 p - a +0 hunting sling
 t - the +9 hand axe of Disarray (weapon) {drain, rElec Will+}
   (You found it on level 2 of the Dungeon)

   A truly terrible weapon, it drains the life of any living foe it strikes.
   rElec:     It insulates you from electricity.
   Will:      It increases your willpower.
 D - a +2 dagger of venom
 K - a +8 war axe
Missiles
 d - 31 poisoned darts (quivered)
 e - 2 curare-tipped darts
 y - 2 throwing nets
 z - 4 boomerangs
Armour
 c - a +1 cloak (worn)
 g - a +0 helmet (worn)
 h - a +2 pair of gloves (worn)
 q - the +8 scale mail of Love and Death {*Corrode rElec Stlth+}
   (You found it on level 8 of the Dungeon)

   rElec:     It insulates you from electricity.
   *Corrode:  It may corrode you when you take damage.
   Stlth:     It makes you more stealthy.
 E - a +2 robe of cold resistance (worn)
Magical Staves
 m - a staff of death
 r - a staff of poison
Jewellery
 u - an amulet of magic regeneration (around neck)
 H - the amulet "Canamott" {Acrobat +Blink rC+ rN++ Int-4}
   (You found it on level 7 of the Dungeon)

   [amulet of the acrobat]

   It increases your evasion while moving and waiting.
   Int:       It affects your intelligence (-4).
   rC:        It protects you from cold.
   rN:        It greatly protects you from negative energy.
   +Blink:    It lets you blink.
Wands
 C - a wand of paralysis (18)
Scrolls
 f - 2 scrolls of teleportation
 v - 4 scrolls of immolation
 w - 3 scrolls of enchant weapon
 A - a scroll of blinking
 J - a scroll of silence
 N - 2 scrolls of fog
Potions
 j - 10 potions of curing
 k - a potion of haste
 l - a potion of degeneration {unknown}
 o - a potion of berserk rage {unknown}
 s - 2 potions of ambrosia
 x - 3 potions of attraction
 B - a potion of heal wounds
 G - 2 potions of lignification
 I - a potion of mutation {unknown}


   Skills:
 - Level 1.5 Fighting
 - Level 2.0 Short Blades
 - Level 1.0 Axes
 - Level 2.0 Throwing
 - Level 1.2 Dodging
 - Level 4.8 Stealth
 - Level 14.2 Spellcasting
 + Level 6.4 Conjurations
 - Level 4.0 Summonings
 - Level 5.0 Fire Magic
 * Level 2.7 Air Magic


You had 23 spell levels left.
You knew the following spells:

 Your Spells              Type           Power      Damage    Failure   Level
a - Foxfire               Conj/Fire      100%       2x1d9     1%          1
b - Call Canine Familiar  Summ           31%        N/A       2%          3
c - Conjure Flame         Conj/Fire      39%        6-21      1%          3
d - Airstrike             Air            13%        N/A       14%         4
p - Swiftness             Air            26%        N/A       4%          3

Your spell library contained the following spells:

 Spells                   Type           Power      Damage    Failure   Level
 Freeze                   Ice            56%        1d7       4%          1
 Shock                    Conj/Air       100%       1d9       1%          1
 Ensorcelled Hibernation  Hex/Ice        28%        N/A       6%          2
 Portal Projectile        Hex/Tloc       28%        N/A       13%         3
 Spider Form              Tmut/Pois      14%        N/A       13%         3
 Anguish                  Hex/Necr       7%         N/A       38%         4
 Leda's Liquefaction      Hex/Erth       7%         N/A       38%         4
 Conjure Ball Lightning   Conj/Air       17%        3x3d6     67%         6
 Maxwell's Capacitive Co  Air            13%        ∞         100%        8


Dungeon Overview and Level Annotations

Branches:
Dungeon (9/15)             Temple (1/1) D:7         Ossuary (visited)
   Lair: D:8-11         Orc: D:9-12

Altars:
Ashenzari
Cheibriados
Dithmenos
Fedhas
Gozag
Hepliaklqana
Kikubaaqudgha
Nemelex Xobeh
Okawaru
Ru
Trog
Uskayaw
Vehumet
Wu Jian
Xom
Yredelemnul
The Shining One
Beogh

Annotations:
D:2 Robin
D:6 3 runed translucent doors, Dawnplanks's ghost, novice HOBe


Message History

Vehumet accepts your kill.
Your hound bites the wight.
You hit the wight.
The wight is heavily damaged.
Your hound bites the wight but does no damage.
The wight hits you with a +4 long sword of freezing!
You feel drained. The wight freezes you.
Your hound bites the wight.
The orc warrior barely misses your hound.
The wight closely misses your hound.
Your hound barely misses the wight.
You completely miss the wight. You punch the wight, but do no damage.
The wight is heavily damaged.
Your hound completely misses the wight.
The orc warrior hits your hound with a +0 dire flail!
The wight hits you with a +4 long sword of freezing!
You feel drained.
Your hound barely misses the orc warrior.
The wight closely misses you.
The orc warrior hits your hound with a +0 dire flail.
The orc barely misses your hound.
You hit the wight. You punch the wight, but do no damage.
The wight is heavily damaged.
Your hound barely misses the orc warrior.
Your hound bites the orc warrior but does no damage.
The orc closely misses your hound.
The orc warrior hits your hound with a +0 dire flail!
Your hound dies!
Your hound's corpse disappears in a puff of smoke!
The wight hits you with a +4 long sword of freezing.
You feel drained. The wight freezes you. The wight attacks as you move away!
The wight barely misses you.
A howler monkey comes into view.
As you read the scroll of teleportation, it crumbles to dust.
You feel strangely unstable. The wight closely misses you.
The wight attacks as you move away!
The wight hits you with a +4 long sword of freezing!
* * * LOW HITPOINT WARNING * * *
You feel drained.
* * * LOW HITPOINT WARNING * * *
The wight freezes you.
You die...

# #######
#.#.#.#.#.#.#.#.##
.......@zoo......#
#.#.#.#.#.#)#.#.##
...........
#.#.#.#.#.#.#
h...)..........
#.#.#.#.#.#.#.#.#
............?....#
.#.#.#.#.#.#.#.##
.......


You could see an orc warrior, a howler monkey (asleep), a wight and an orc.

Vanquished Creatures
  Grinder (D:3)
  A wyvern (D:6)
  A water moccasin (D:7)
  2 sky beasts
  2 black bears
  An orc warrior (D:6)
  3 ice beasts
  2 ogres (D:7)
  A phantom (D:7)
  A bullfrog (D:7)
  A gnoll sergeant (D:6)
  2 scorpions (D:6)
  12 wights
  A vampire bat (D:8)
  A crimson imp (D:6)
  3 hounds
  2 gnoll shamans (D:8)
  7 orc priests
  3 jellies
  5 iguanas
  2 orc wizards
  8 mummies (Ossuary)
  10 gnolls
  8 adders
  3 white imps
  An ufetubus (D:5)
  3 dart slugs
  12 orcs
  A ball python (D:2)
  3 bat skeletons (D:8)
  3 bat zombies (D:8)
  6 endoplasms
  A giant cockroach (D:3)
  9 goblins
  2 hobgoblins (D:1)
  A quokka (D:3)
  4 bats
  A frilled lizard (D:1)
  A hobgoblin zombie (Ossuary)
  5 kobolds
  A kobold zombie (Ossuary)
  2 orc zombies (Ossuary)
  2 rats
141 creatures vanquished.

Vanquished Creatures (collateral kills)
  An acid dragon (D:8)
  2 ogres
  3 wights
  A hound (D:5)
  3 iguanas
  3 orc wizards
  7 gnolls
  4 orcs
  A gnoll zombie (Ossuary)
  2 hobgoblin zombies (Ossuary)
  A kobold zombie (Ossuary)
28 creatures vanquished.

Vanquished Creatures (others)
  377 foxfires
377 creatures vanquished.

Grand Total: 546 creatures vanquished

Notes
Turn   | Place    | Note
-------+----------+-------------------------------------------
     0 | D:1      | PurpleRed the Deep Elf Brigand began the quest for the Orb.
     0 | D:1      | Reached XP level 1. HP: 12/12 MP: 3/3
   105 | D:2      | Noticed Robin
   119 | D:1      | Reached skill level 1 in Spellcasting
   149 | D:1      | Reached skill level 2 in Spellcasting
   149 | D:1      | Reached XP level 2. HP: 7/16 MP: 7/7
   256 | D:1      | You fall into a shaft and drop 1 floor!
   275 | D:2      | Reached skill level 3 in Spellcasting
   312 | D:2      | Found a faded altar of an unknown god.
   408 | D:2      | Reached XP level 3. HP: 18/20 MP: 10/10
   458 | D:2      | Identified the +9 hand axe of Disarray {drain, rElec Will+}
   687 | D:3      | Reached skill level 4 in Spellcasting
   706 | D:3      | Got the Reference Book on Heat and Lightness
   710 | D:3      | Learned a level 1 spell: Foxfire
   773 | D:3      | Found a bloodstained altar of Trog.
   775 | D:3      | Found a blossoming altar of Fedhas.
   798 | D:3      | Learned a level 3 spell: Call Canine Familiar
   817 | D:3      | Reached XP level 4. HP: 25/25 MP: 12/12
   925 | D:3      | Noticed Grinder
  1074 | D:4      | Noticed a black bear
  1087 | D:4      | Killed a black bear
  1088 | D:4      | Reached skill level 1 in Axes
  1088 | D:4      | Reached skill level 1 in Conjurations
  1088 | D:4      | Reached skill level 1 in Summonings
  1088 | D:4      | Reached skill level 1 in Fire Magic
  1088 | D:4      | Reached XP level 5. HP: 29/29 MP: 14/14
  1213 | D:5      | Entered Level 5 of the Dungeon
  1310 | D:4      | Reached skill level 5 in Spellcasting
  1434 | D:6      | Reached XP level 6. HP: 34/34 MP: 16/16
  1441 | D:6      | Noticed Dawnplanks's ghost (novice HOBe)
  1441 | D:6      | Noticed an ice beast
  1686 | D:5      | Noticed an ice beast
  1694 | D:5      | Learned a level 3 spell: Conjure Flame
  1735 | D:5      | Killed an ice beast
  1783 | D:6      | Reached skill level 6 in Spellcasting
  1785 | D:6      | Found a runed translucent gate.
  1785 | D:6      | Found a runed translucent gate.
  1785 | D:6      | Found a runed translucent gate.
  1793 | D:6      | Noticed an orc warrior
  1883 | D:5      | Reached XP level 7. HP: 23/38 MP: 15/18
  1932 | D:5      | Found an opulent altar of Gozag.
  2218 | D:5      | Found a sparkling altar of Nemelex Xobeh.
  2286 | D:5      | Reached skill level 7 in Spellcasting
  2438 | D:8      | Identified the +8 scale mail of Love and Death {*Corrode
                  | rElec Stlth+}
  2454 | D:8      | Found a sand-covered staircase.
  2461 | Ossuary  | Entered an ossuary
  2495 | Ossuary  | Reached skill level 5 in Conjurations
  2511 | Ossuary  | Reached XP level 8. HP: 43/43 MP: 14/21
  2594 | Ossuary  | Reached skill level 8 in Spellcasting
  2831 | D:7      | Identified the amulet "Canamott" {Acrobat +Blink rC+ rN++
                  | Int-4}
  2949 | D:6      | Found a hazy altar of Hepliaklqana.
  3273 | D:6      | Reached skill level 9 in Spellcasting
  3387 | D:6      | Found an iron altar of Okawaru.
  3425 | D:6      | Reached skill level 5 in Fire Magic
  3452 | D:6      | Reached skill level 10 in Spellcasting
  3501 | D:6      | Reached XP level 9. HP: 29/47 MP: 23/25
  3952 | D:3      | Killed Grinder
  3953 | D:3      | Reached skill level 11 in Spellcasting
  4135 | D:7      | Reached skill level 12 in Spellcasting
  4274 | D:7      | Found a staircase to the Ecumenical Temple.
  4292 | D:7      | Reached skill level 13 in Spellcasting
  4294 | Temple   | Entered the Ecumenical Temple
  4316 | Temple   | Became a worshipper of Vehumet
  4447 | D:8      | Reached skill level 14 in Spellcasting
  4557 | D:8      | Learned a level 3 spell: Swiftness
  4562 | D:8      | Learned a level 4 spell: Airstrike
  4577 | D:8      | Reached skill level 1 in Air Magic
  4675 | D:8      | Reached * piety under Vehumet
  4675 | D:8      | Offered knowledge of Freeze by Vehumet.
  4955 | D:8      | Reached XP level 10. HP: 39/52 MP: 30/30
  5017 | D:8      | Found an ancient bone altar of Kikubaaqudgha.
  5075 | D:9      | Slain by a wight

Illustrated notes

Levels and vault maps discovered:
D:1:      dpeg_arrival_round_b, layout_loops_ring
D:2:      layout_loops_ring, hellmonk_ecumenical_altar_pennies_from_heaven,
          basic_altar, uniq_terence, uniq_robin
D:3:      layout_basic, jmf_multi_god_temple, uniq_grinder
D:4:      layout_gridville
D:5:      layout_basic, mainiacjoe_overflow_alcove_1, grunt_gozag_statues,
          hangedman_decor_slide_cut, chequers_serial_rivers_large_a,
          cheibrodos_gnoll_hut
D:6:      layout_loops_ring, mainiacjoe_overflow_six_doors_small,
          okawaru_trees_2, gammafunk_ghost_icy, minmay_fire_ice_demons
D:7:      layout_loops_ring, led_sif_book, minmay_temple_entry_grid,
          corexii_checkpoint_b, david_defended_altar_orc,
          uniq_crazy_yiuf_cottage
D:8:      layout_loops_cross, kennysheep_vampire_church,
          chequers_ossuary_entry_cave
D:9:      layout_cave_pools, lair_entry_dummy, erik_orc_1, ebering_ghost_xom,
          serial_shops, nicolae_shop_window_shopping, st_stairs_11
Temple:   nicolae_temple_x_marks_the_god

Skill      XL: |  1  2  3  4  5  6  7  8  9 |
---------------+----------------------------+-----
Spellcasting   | 2 3 4 5 6 7 10 14 | 14.2
Axes           | 1 |  1.0
Conjurations   | 1 2 3 5 6 |  6.4
Summonings     | 1 2 3 4 |  4.0
Fire Magic     | 1 2 3 5 |  5.0
Air Magic      | 2 |  2.7
Fighting       | |  1.5
Short Blades   | |  2.0
Throwing       | |  2.0
Dodging        | |  1.2
Stealth        | |  4.8

Action                   |  1- 3 |  4- 6 |  7- 9 | 10-12 || total
-------------------------+-------+-------+-------+-------++-------
Melee: Dagger            |    43 |       |       |       ||    43
       Punch             |     1 |       |     3 |     2 ||     6
       Hand axe          |    18 |    24 |    85 |    21 ||   148
Throw: Dart              |    30 |    26 |    13 |       ||    69
 Cast: Foxfire           |     6 |    31 |   205 |     6 ||   248
       Call Canine Famil |       |     4 |    51 |     3 ||    58
       Conjure Flame     |       |     1 |    13 |       ||    14
  Use: Scroll            |       |     7 |    11 |     1 ||    19
       Potion            |       |       |     2 |       ||     2
 Stab: Sleeping          |     4 |     3 |     6 |     2 ||    15
       Distracted        |       |       |     2 |       ||     2
Armor: Robe              |     8 |     4 |    42 |    17 ||    71
       Leather armour    |     3 |    10 |       |       ||    13
Dodge: Dodged            |    30 |    17 |    68 |    13 ||   128

Table legend: (Time is in decaauts)
 A = Elapsed time spent in this place.
 B = Non-inter-level travel time spent in this place.
 C = Inter-level travel time spent in this place.
 D = Time resting spent in this place.
 E = Time spent auto-exploring this place.
 F = Levels seen in this place.
 G = Mean time per level.
                   A        B        C        D        E       F      G
               +--------+--------+--------+--------+--------+-----+--------+
         Total |   5124 |   5078 |     46 |      0 |      0 |  11 |  465.8 |
       Dungeon |   4892 |   4846 |     46 |      0 |      0 |   9 |  543.6 |
        Temple |     32 |     32 |      0 |      0 |      0 |   1 |   32.0 |
       Ossuary |    198 |    198 |      0 |      0 |      0 |   1 |  198.0 |
               +--------+--------+--------+--------+--------+-----+--------+

Top non-repeatable levels by time:
     D:5: 938 daAuts
     D:6: 896 daAuts
     D:8: 808 daAuts
     D:4: 596 daAuts
     D:7: 582 daAuts
     D:1: 432 daAuts
     D:3: 370 daAuts
     D:2: 237 daAuts
 Ossuary: 198 daAuts
  Temple: 32 daAuts
     D:9: 30 daAuts
